 Dungeon Crawl Stone Soup version 0.24-a0-446-g87df7205b4 (webtiles) character file.

Game seed: 3945180031961929365

37 theanonym the Poker (level 3, -3/27 HPs)
             Began as a Mummy Warper on June 24, 2019.
             Slain by an adder (5 damage)
             ... on level 1 of the Dungeon.
             The game lasted 00:01:50 (1436 turns).

theanonym the Poker (Mummy Warper)                  Turns: 1436, Time: 00:01:50

Health: -3/27      AC:  3    Str: 15    XL:     3   Next: 23%
Magic:  7/7        EV: 11    Int: 12    God:
Gold:   68         SH:  0    Dex: 11    Spells: 7/7 levels left

rFire    x . .     SeeInvis .   a - +0 spear
rCold    + . .     Gourm    .   (no shield)
rNeg     + + +     Faith    .   b - +0 leather armour
rPois    ∞         Spirit   .   (no helmet)
rElec    .         Reflect  .   (no cloak)
rCorr    .         Harm     .   (no gloves)
MR       .....                  (no boots)
Stlth    +.........             (no amulet)
HPRegen  0.09/turn              h - ring of wizardry
MPRegen  0.10/turn              (no ring)

@: no status effects
A: no food or potions, fire vulnerability, cold resistance 1, negative energy
resistance 3, torment resistance, unbreathing
a: no special abilities


Innate Abilities, Weirdness & Mutations

You do not eat or drink.
Your flesh is vulnerable to fire.
You are immune to poison.
Your flesh is cold resistant. (rC+)
You are immune to negative energy. (rN+++)
You are immune to unholy pain and torment.
You can survive without breathing.


   Skills:
 - Level 2.0 Fighting
 + Level 3.0 Polearms
 - Level 0.7 Throwing
 - Level 0.7 Armour
 - Level 1.5 Dodging
 - Level 2.6 Spellcasting
   Level 2.4 Translocations


You had 7 spell levels left.
You didn't know any spells.
Your spell library contained the following spells:

 Spells                   Type           Power        Failure   Level  Hunger
 Apportation              Tloc           #.....       4%          1    N/A
 Blink                    Tloc           N/A          7%          2    N/A
 Animate Skeleton         Necr           N/A          12%         1    N/A
 Confusing Touch          Hex            #.....       12%         1    N/A
 Summon Small Mammal      Summ           #...         12%         1    N/A
 Shroud of Golubria       Chrm/Tloc      #.....       12%         2    N/A
 Gell's Gravitas          Tloc           #.........   14%         3    N/A
 Lesser Beckoning         Tloc           #.........   14%         3    N/A
 Teleport Other           Tloc           #.......     14%         3    N/A
 Passage of Golubria      Tloc           N/A          41%         4    N/A

Skill      XL: |  1  2  3 |
---------------+----------+-----
Polearms       | 2 3 |  3.0
Fighting       | |  2.0
Throwing       | |  0.7
Armour         | |  0.7
Dodging        | |  1.5
Spellcasting   | |  2.6
Translocations | |  2.4

Action                   || total
-------------------------++-------
Melee: Spear             ||   110
Throw: Boomerang         ||     1
Armor: Leather armour    ||    18
Dodge: Dodged            ||    47

Inventory:

Hand Weapons
 a - a +0 spear (weapon)
Missiles
 e - 4 boomerangs of dispersal (quivered)
Armour
 b - a +0 leather armour (worn)
Jewellery
 h - a ring of wizardry (left hand)
Scrolls
 c - 3 scrolls of magic mapping {unknown}
 d - 2 scrolls of remove curse {unknown}
 f - a scroll of immolation {unknown}
 g - 3 scrolls of identify {unknown}
 i - 2 scrolls of teleportation {unknown}
 B - a scroll of blinking


You were on level 1 of the Dungeon.
You were not hungry.

You visited 1 branch of the dungeon, and saw 2 of its levels.

You collected 68 gold pieces.

Dungeon Overview and Level Annotations

Branches:
Dungeon (2/15)

Altars:
Ru

Annotations:
D:2 Terence

##.# #......#########.....##
##.## ######.# #.....##
##..######## #.# #..(..##
#..........# ###.##### #.......
.##....>...# #.......#####.......
###........###.#.##..............
.............#.#.................
####.......#.#..S................
## #.......#.#.#@.##.#####...####
.# #.......#.#.......# #(......
.# #########.#.#..##.# #...####
.# #........##.# #...#
##########.#......##.# #...# ## #
#......#.###.......#####...###.
###.####.#†##.....##.............
.....................#####.#####.
###.####.#.#####.###.###.........


You could see an adder.

Notes
Turn   | Place    | Note
-------+----------+-------------------------------------------
     0 | D:1      | theanonym the Mummy Warper began the quest for the Orb.
     0 | D:1      | Reached XP level 1. HP: 16/16 MP: 4/4
    88 | D:1      | Reached skill level 2 in Polearms
    97 | D:1      | Reached XP level 2. HP: 16/22 MP: 5/5
   867 | D:2      | Reached XP level 3. HP: 22/27 MP: 7/7
   882 | D:2      | HP: 13/27 [leopard gecko (4)]
   883 | D:2      | Reached skill level 3 in Polearms
  1207 | D:2      | Found a sacrificial altar of Ru.
  1373 | D:2      | Noticed Terence
  1381 | D:2      | HP: 9/27 [Terence/+0 mace (7)]
  1418 | D:2      | HP: 8/27 [adder (4)]
  1430 | D:2      | HP: 4/27 [adder (5)]
  1433 | D:2      | HP: 1/27 [adder (3)]
  1436 | D:1      | Slain by an adder

Vanquished Creatures
  3 dart slugs
  3 leopard geckos
  2 giant cockroaches
  3 goblins (D:1)
  3 hobgoblins
  3 jackals (D:1)
  2 kobolds
  A ball python (D:1)
  A bat (D:1)
  2 frilled lizards
  5 rats
28 creatures vanquished.

Table legend:
 A = Turns spent in this place as a percentage of turns spent in the entire game.
 B = Non-inter-level travel turns spent in this place as a percentage of non-inter-level travel turns spent in the entire game.
 C = Inter-level travel turns spent in this place as a percentage of turns spent in this place.
 D = Turns resting spent in this place as a percentage of non-inter-level travel turns spent in this place.
 E = Turns spent auto-exploring this place as a percentage of non-inter-level travel turns spent in this place.
 F = Non-inter-level travel turns spent in this place divided by the number of levels of this place that you've seen.
                   A       B       C       D       E      F
               +-------+-------+-------+-------+-------+----------------------
         Total | 100.0 | 100.0 |   2.0 |  25.2 |  59.6 | 703.5
       Dungeon | 100.0 | 100.0 |   2.0 |  25.2 |  59.6 | 703.5
               +-------+-------+-------+-------+-------+----------------------
